 Dungeon Crawl Stone Soup version 0.29.0-4-gdea44cf6ec (webtiles) character file.

Game seed: 3881597984096996471

9 qw the Sneak (level 2, -3/19 HPs)
             Began as a Gargoyle Delver on Sept 10, 2022.
             Slain by a black bear (5 damage)
             ... on level 5 of the Dungeon.
             The game lasted 00:00:07 (260 turns).

qw the Sneak (Gargoyle Delver)                       Turns: 260, Time: 00:00:07

Health: -3/19      AC:  5    Str: 15    XL:     2   Next: 12%
Magic:  2/2        EV: 11    Int: 10    God:
Gold:   2          SH:  0    Dex: 11    Spells: 1/1 levels left

rFire   . . .      SeeInvis .   a - +0 hand axe
rCold   . . .      Faith    .   (no shield)
rNeg    + . .      Spirit   .   b - +0 leather armour
rPois   inf        Reflect  .   (no helmet)
rElec   +          Harm     .   (no cloak)
rCorr   .          Rampage  .   (no gloves)
Will    .....                   (no boots)
Stlth   +++.......              (no amulet)
HPRegen 0.06/turn               (no ring)
MPRegen 0.08/turn               (no ring)

@: no status effects
A: sickness immunity, AC +2, negative energy resistance 1, electricity
resistance, torment resistance 1, petrification resistance
a: no special abilities


You were on level 5 of the Dungeon.
You visited 1 branch of the dungeon, and saw 1 of its levels.

You collected 57 gold pieces.
You spent 55 gold pieces at shops.


Innate Abilities, Weirdness & Mutations

You are immune to sickness and miasma.
Your stone body is resilient. (AC +2)
You are immune to poison.
You resist negative energy. (rN+)
You are resistant to electric shocks. (rElec)
You are resistant to unholy torment.
You are immune to petrification.


   Skills:
 - Level 3.2 Fighting
 + Level 2.5 Axes
 - Level 1.5 Dodging
 - Level 5.4 Stealth


You had one spell level left.
You didn't know any spells.
Your spell library was empty.

Inventory:

Hand Weapons
 a - a +0 hand axe (weapon)
Armour
 b - a +0 leather armour (worn)
 k - a +1 helmet
Wands
 g - a wand of digging (3)
Scrolls
 c - a scroll of fog
 d - a scroll of magic mapping
 e - a scroll of fear
 h - a scroll of brand weapon {unknown}
Potions
 f - a potion of haste
 j - a potion of flight {unknown}

Dungeon Overview and Level Annotations

Branches:
Dungeon (5/15)
 Temple: D:4-7

Altars:

Shops:
D:5 !!


Message History

The black bear bites you. The black bear barely misses you. x2
You hit the black bear.
The black bear is heavily wounded.
The black bear bites you. The black bear claws you. x2
253 ||| DRINKING potion of heal wounds.
You feel much better. The black bear bites you.
The black bear closely misses you. The black bear barely misses you.
You hit the black bear.
The black bear is heavily wounded.
The black bear closely misses you. The black bear claws you.
The black bear claws you but does no damage.
You hit the black bear but do no damage.
The black bear is heavily wounded.
The black bear bites you.
The black bear claws you but does no damage. x2
You hit the black bear.
The black bear is severely wounded.
The black bear bites you.
The black bear claws you but does no damage.
The black bear claws you.
You hit the black bear but do no damage.
The black bear is severely wounded.
The black bear bites you. The black bear barely misses you.
The black bear claws you but does no damage.
The black bear closely misses you. The black bear claws you.
The black bear claws you but does no damage.
You hit the black bear but do no damage.
You punch the black bear.
The black bear is severely wounded.
The black bear goes berserk!
You closely miss the black bear.
The black bear is severely wounded.
The black bear bites you but does no damage.
The black bear claws you but does no damage.
The black bear closely misses you. The black bear barely misses you.
The black bear closely misses you. The black bear barely misses you.
You closely miss the black bear.
The black bear is severely wounded.
The black bear bites you. The black bear claws you.
You die...

#.......##.#.#
#%..#.......#.##
#.###.#######...######
.# ##.# #.....>.... .
..# #.\..##### .#
#.#.## .# #.#.#
####.#.#########
#......@h......
#.#.#.######### #.#..
#.####


You could see a black bear (berserk).

Vanquished Creatures
  An adder (D:5)
1 creature vanquished.

Vanquished Creatures (others)
  6 plants (D:5)
6 creatures vanquished.

Grand Total: 7 creatures vanquished

Notes
Turn   | Place    | Note
-------+----------+-------------------------------------------
     0 | D:5      | qw the Gargoyle Delver began the quest for the Orb.
     0 | D:5      | Reached XP level 1. HP: 14/14 MP: 1/1
     0 | D:5      | 0 ||| qw: Version: 0.1-a-116-g5d60599
     0 | D:5      | 0 ||| qw: Game counter: 8604
     0 | D:5      | 0 ||| qw: Always use a shield: true
     0 | D:5      | 0 ||| qw: God list: Okawaru
     0 | D:5      | 0 ||| qw: Allow faded altars: false
     0 | D:5      | 0 ||| qw: Do Orc after D:15 true
     0 | D:5      | 0 ||| qw: Do second Lair branch before Depths: true
     0 | D:5      | 0 ||| qw: Lair rune preference: random
     0 | D:5      | 0 ||| qw: Plans: Normal
     0 | D:5      | 0 ||| PLANNING D:1-11
    64 | D:5      | Noticed a necrophage
    78 | D:5      | Found Buhozay's Distillery.
    79 | D:5      | 79 ||| Stepping ~*~*~tactically~*~*~ (stealth).
    80 | D:5      | 80 ||| Stepping ~*~*~tactically~*~*~ (stealth).
    81 | D:5      | 81 ||| Stepping ~*~*~tactically~*~*~ (stealth).
    82 | D:5      | 82 ||| SHOPLISTING 2 potions of haste (220 gold, have 57).
    82 | D:5      | 82 ||| BUYING potion of heal wounds (55 gold).
    82 | D:5      | Bought a potion of heal wounds for 55 gold pieces
    82 | D:5      | 82 ||| SHOPLISTING potion of mutation (88 gold, have 2).
    82 | D:5      | 82 ||| Stepping ~*~*~tactically~*~*~ (stealth).
    83 | D:5      | 83 ||| Stepping ~*~*~tactically~*~*~ (stealth).
    85 | D:5      | 85 ||| Stepping ~*~*~tactically~*~*~ (stealth).
   130 | D:5      | Reached XP level 2. HP: 13/19 MP: 2/2
   227 | D:5      | Found Tatoy's Distillery.
   231 | D:5      | 231 ||| SHOPLISTING potion of cancellation (112 gold, have
                  | 2).
   231 | D:5      | 231 ||| SHOPLISTING potion of curing (42 gold, have 2).
   231 | D:5      | 231 ||| SHOPLISTING potion of heal wounds (70 gold, have
                  | 2).
   236 | D:5      | Noticed a black bear
   252 | D:5      | HP: 4/19 [black bear (1)]
   253 | D:5      | 253 ||| DRINKING potion of heal wounds.
   257 | D:5      | HP: 4/19 [black bear (1)]
   260 | D:5      | Slain by a black bear

Levels and vault maps discovered:
D:5:      layout_loops_ring, nicolae_hepliaklqana_hazy_memory, serial_shops,
          nicolae_shop_waterfront, shop, nicolae_stop_n_shop_2,
          nicolae_shop_behind_doors, shop

Skill      XL: |  1 |
---------------+----+-----
Axes           | 2 |  2.5
Fighting       | |  3.2
Dodging        | |  1.5
Stealth        | |  5.4

Action                   || total
-------------------------++-------
Melee: Hand axe          ||    14
       Punch             ||     1
  Use: Potion            ||     1
 Stab: Sleeping          ||     1
Armor: Leather armour    ||    10
Dodge: Dodged            ||    17

Table legend:
 A = Non-vault XP
 B = Vault XP
 C = Vault XP percentage of total XP
 D = Non-vault monster count
 E = Vault monster count
 F = Vault count percentage of total count
                 A         B        C        D         E       F
            +---------+---------+-------+---------+---------+-------
      Total |      13 |       0 |   0.0 |       1 |       0 |   0.0
            +---------+---------+-------+---------+---------+-------
        D:5 |      13 |       0 |   0.0 |       1 |       0 |   0.0
            +---------+---------+-------+---------+---------+-------
